 Dungeon Crawl Stone Soup version 0.27-a0-1273-gec92ba881d (webtiles) character file.

Game seed: 5832552819947419317

586 funkygono the Stinger (level 7, -5/46 HPs)
             Began as a Formicid Venom Mage on June 12, 2021.
             Was an Initiate of Vehumet.
             Slain by a gnoll
             ... wielding a +0 whip
              (8 damage)
             ... on level 6 of the Dungeon.
             The game lasted 00:13:54 (5983 turns).

funkygono the Stinger (Formicid Venom Mage)         Turns: 5983, Time: 00:13:54

Health: -5/46      AC:  3    Str: 13    XL:     7   Next: 65%
Magic:  3/14       EV: 12    Int: 16    God:    Vehumet [......]
Gold:   127        SH:  0    Dex: 11    Spells: 3/16 levels left

rFire    . . .     SeeInvis +   h - +0 whip (freeze)
rCold    . . .     Faith    .   (no shield)
rNeg     . . .     Spirit   .   a - +0 robe
rPois    .         Reflect  .   (helmet unavailable)
rElec    .         Harm     .   (no cloak)
rCorr    .         Rampage  .   k - +0 pair of gloves
Will     .....                  (no boots)
Stlth    ++........             (no amulet)
HPRegen  0.15/turn              (no ring)
MPRegen  0.14/turn              (no ring)

@: mighty
A: permanent stasis, dig shafts and tunnels, antennae 3, four strong arms
a: Dig, Shaft Self, Renounce Religion


You were on level 6 of the Dungeon.
You worshipped Vehumet.
Vehumet was noncommittal.
You visited 2 branches of the dungeon, and saw 7 of its levels.

You collected 127 gold pieces.

Inventory:

Hand Weapons
 b - a +1 short sword of venom
 d - a +2 dagger of venom
 g - a +0 club
 h - a +0 whip of freezing (weapon)
Missiles
 c - 102 stones
Armour
 a - a +0 robe (worn)
 k - a +0 pair of gloves (worn)
 l - a +0 leather armour
Wands
 i - a wand of mindburst (17)
 j - a wand of charming (8)
Potions
 e - a potion of curing {unknown}
 f - a potion of might
 m - a potion of ambrosia {unknown}
 n - a potion of flight {unknown}
 o - a potion of mutation {unknown}
 p - a potion of haste {unknown}


   Skills:
 + Level 0.1 Fighting
 + Level 0.6 Maces & Flails
 + Level 2.4 Dodging
 - Level 2.4 Stealth
 * Level 5.0 Spellcasting
 + Level 3.3 Transmutations
 * Level 1.6 Fire Magic
 + Level 0.6 Air Magic
 * Level 6.8 Poison Magic


You had 3 spell levels left.
You knew the following spells:

 Your Spells              Type           Power      Damage    Failure   Level
a - Sting                 Tmut/Pois      80%        1d7       1%          1
b - Poisonous Vapours     Pois/Air       32%        N/A       4%          2
c - Mephitic Cloud        Conj/Pois/Air  12%        N/A       16%         3
d - Ignite Poison         Fire/Tmut/Pois 16%        N/A       9%          3
e - Olgreb's Toxic Radia  Pois           25%        N/A       9%          4

Your spell library contained the following spells:

 Spells                   Type           Power      Damage    Failure   Level
 Beastly Appendage        Tmut           28%        N/A       4%          1
 Wereblood                Tmut           14%        N/A       6%          2
 Spider Form              Tmut/Pois      10%        N/A       6%          3
 Ice Form                 Ice/Tmut       9%         N/A       61%         4


Dungeon Overview and Level Annotations

Branches:
Dungeon (7/15)             Temple (1/1) D:6

Altars:
Ashenzari
Cheibriados
Dithmenos
Elyvilon
Fedhas
Gozag
Hepliaklqana
Makhleb
Nemelex Xobeh
Okawaru
Qazlal
Ru
Sif Muna
Trog
Uskayaw
Vehumet
Wu Jian
Xom
Yredelemnul
Zin
The Shining One

Shops:
D:2 :


Innate Abilities, Weirdness & Mutations

You cannot be hasted, slowed, berserked, paralysed or teleported.
You can dig through walls and to a lower floor.
You have a pair of large antennae on your head. (SInv)
Your four strong arms can wield two-handed weapons with a shield.


Message History

You hear a shout!
The gnoll throws a throwing net.
The throwing net hits you.
You become entangled in the net!
Your Spellcasting skill increases to level 5!
You tear a large gash into the net.
You struggle against the net.
A centaur comes into view.
You shred the net and break free!
The centaur wields a +0 shortbow.
The centaur shoots an arrow.
The arrow hits you!
* * * LOW HITPOINT WARNING * * *
The gnoll throws a throwing net.
The throwing net barely misses you.
Okay, then.
You see here a scorpion corpse.
There is an open door here.
There is an open door here.
The gnoll barely misses you.
You see here a scorpion corpse.
The centaur shoots an arrow.
The arrow hits you!
* * * LOW HITPOINT WARNING * * *
You see here 2 throwing nets.
Casting: Sting (safe; 1% risk of failure)
Confirm with . or Enter, or press ? or * to list all spells.
You don't have enough magic to cast this spell.
Unknown command.
Okay, then.
There is a stone staircase leading down here.
The gnoll completely misses you.
Casting: Sting (safe; 1% risk of failure)
Confirm with . or Enter, or press ? or * to list all spells.
Aiming: Sting (safe; 1% risk of failure)
Press: ? - help, Shift-Dir - straight line, f - gnoll
Aim: a gnoll, wielding a +0 whip (79% to hit)
The sting hits the gnoll!
The gnoll is poisoned.
The gnoll is severely wounded.
The gnoll hits you with a +0 whip.
* * * LOW HITPOINT WARNING * * *
You closely miss the gnoll.
The gnoll is severely wounded.
The gnoll hits you with a +0 whip!
You die...

..* #.# ..* #.#
..* #.#
..##############.#
.))...(......>...#
..##†###########.#
..##'### #c#
#..c...# #g#
#......# #@#
#......#########.#
.......+.........#
#......#####.###.#
.....### #.###.#
##.#.# ##.8.#.#
*#.#.# #......#
**,#.* #8.>)8.#
**,#.# #....))#


You could see a centaur and a gnoll (poisoned).

Vanquished Creatures
  An ogre (D:6)
  A kobold brigand (D:7)
  A wyvern zombie (D:6)
  A scorpion (D:6)
  A hound (D:4)
  2 gnoll shamans (D:6)
  Robin (D:2)
  7 gnolls (D:6)
  2 adders (D:3)
  A white imp (Temple)
  An ufetubus (D:6)
  An adder skeleton (D:4)
  2 worms
  3 dart slugs
  9 orcs
  7 ball pythons
  2 bats
  7 endoplasms
  4 giant cockroaches
  12 goblins
  10 hobgoblins
  2 jackals (D:3)
  2 quokkas
  A frilled lizard (D:1)
  16 kobolds
  4 rats
  A bush (D:2)
102 creatures vanquished.

Vanquished Creatures (others)
  A bat (D:1)
  4 plants (D:2)
5 creatures vanquished.

Grand Total: 107 creatures vanquished

Notes
Turn   | Place    | Note
-------+----------+-------------------------------------------
     0 | D:1      | funkygono the Formicid Venom Mage began the quest for the
                  | Orb.
     0 | D:1      | Reached XP level 1. HP: 13/13 MP: 3/3
   183 | D:1      | Reached XP level 2. HP: 19/19 MP: 3/5
   470 | D:1      | Learned a level 2 spell: Poisonous Vapours
   884 | D:1      | Reached XP level 3. HP: 24/24 MP: 6/6
   888 | D:1      | Learned a level 3 spell: Mephitic Cloud
  1277 | D:2      | Noticed Robin
  1344 | D:2      | Killed Robin
  1636 | D:2      | Reached XP level 4. HP: 30/30 MP: 8/8
  1640 | D:2      | Learned a level 3 spell: Ignite Poison
  1687 | D:2      | Reached skill level 5 in Poison Magic
  2252 | D:2      | Found Lokk's Book Shoppe.
  3477 | D:3      | Reached XP level 5. HP: 35/35 MP: 5/10
  3637 | D:3      | Found a faded altar of an unknown god.
  4698 | D:4      | You fall into a shaft and drop 3 floors!
  4725 | D:7      | Noticed a kobold brigand
  4735 | D:7      | Killed a kobold brigand
  4736 | D:7      | Reached skill level 1 in Fire Magic
  4736 | D:7      | Reached XP level 6. HP: 17/41 MP: 2/12
  4746 | D:7      | Learned a level 4 spell: Olgreb's Toxic Radiance
  5062 | D:6      | Noticed an ogre
  5066 | D:6      | Reached skill level 6 in Poison Magic
  5121 | D:6      | Found a staircase to the Ecumenical Temple.
  5126 | Temple   | Entered the Ecumenical Temple
  5381 | Temple   | Became a worshipper of Vehumet
  5598 | D:6      | Killed an ogre
  5599 | D:6      | Reached XP level 7. HP: 46/46 MP: 4/14
  5958 | D:6      | Reached skill level 5 in Spellcasting
  5983 | D:6      | Slain by a gnoll

Illustrated notes

Levels and vault maps discovered:
D:1:      shiori_arrival_oz, layout_loops_cross, minmay_misc_feat_enclosed
D:2:      layout_basic, serial_shops, nicolae_shop_statue_plus, serial_forest,
          infiniplex_forest_pool, infiniplex_forest_lined_3,
          infiniplex_forest_clump_tiny, infiniplex_forest_clump_double,
          infiniplex_forest_lined_3, infiniplex_forest_clump_double,
          infiniplex_forest_end_2, infiniplex_forest_clump_small,
          grunt_ministairs_2, kennysheep_big_empty_room, uniq_robin
D:3:      layout_loops_ring, ebering_ecumenical_altar_hall,
          grunt_decor_mini_mirrors
D:4:      wad_crossroads, layout_basic, serial_glass, glass_columns_b,
          glass_columns_a, glass_columns_a, glass_columns_a, glass_columns_c,
          st_stairs_10, minmay_quantized, uniq_duvessa, uniq_blork_the_orc
D:6:      layout_basic, minmay_temple_entry_statues_pillars
D:7:      gammafunk_corrupted_shrine, layout_loops_cross, nzn_random_ring,
          uniq_maggie
Temple:   regret_index_temple_sigil_plot

Skill      XL: |  1  2  3  4  5  6  7 |
---------------+----------------------+-----
Spellcasting   | 3 4 5 |  5.0
Poison Magic   | 5 6 |  6.8
Dodging        | 2 |  2.4
Transmutations | 2 3 |  3.3
Fire Magic     | 1 |  1.6
Fighting       | |  0.1
Maces & Flails | |  0.6
Stealth        | |  2.4
Air Magic      | |  0.6

Action                   |  1- 3 |  4- 6 |  7- 9 || total
-------------------------+-------+-------+-------++-------
Melee: Short sword       |     1 |       |       ||     1
       Club              |     3 |       |       ||     3
       Whip              |    13 |   149 |    10 ||   172
 Cast: Sting             |    24 |    76 |    14 ||   114
       Poisonous Vapours |    11 |    23 |     1 ||    35
       Mephitic Cloud    |     1 |     2 |       ||     3
       Ignite Poison     |       |     4 |     2 ||     6
       Olgreb's Toxic Ra |       |     2 |     3 ||     5
  Use: Scroll            |     2 |     4 |       ||     6
       Potion            |       |       |     1 ||     1
 Stab: Sleeping          |     2 |     1 |       ||     3
Armor: Robe              |     1 |     6 |     1 ||     8
Dodge: Dodged            |    16 |    60 |     8 ||    84

Table legend: (Time is in decaauts)
 A = Elapsed time spent in this place.
 B = Non-inter-level travel time spent in this place.
 C = Inter-level travel time spent in this place.
 D = Time resting spent in this place.
 E = Time spent auto-exploring this place.
 F = Levels seen in this place.
 G = Mean time per level.
                   A        B        C        D        E       F      G
               +--------+--------+--------+--------+--------+-----+--------+
         Total |   6001 |   5849 |    152 |    609 |   4252 |   7 |  857.3 |
       Dungeon |   5309 |   5191 |    118 |    609 |   3614 |   6 |  884.8 |
        Temple |    692 |    658 |     34 |      0 |    638 |   1 |  692.0 |
               +--------+--------+--------+--------+--------+-----+--------+

Top non-repeatable levels by time:
     D:2: 2090 daAuts
     D:3: 1163 daAuts
     D:1: 1096 daAuts
  Temple: 692 daAuts
     D:4: 364 daAuts
     D:6: 352 daAuts
     D:7: 242 daAuts
